Map: Catalyst LE

Players

MacaRong

  • Race: Zerg Zerg
  • League: Diamond
  • Spawn Location: 5:00

badzergling - Winner!

  • Race: Zerg Zerg
  • League: Platinum
  • Spawn Location: 11:00

VOD

Have the link to the VOD?

Description

Lots of action. could use some tips on getting a 3rd faster.

Time

  • Played on: Jan. 4, 2018, 5:12 p.m.
  • Length: 17:42
Show
View Real Time Build Order
Export as new Build Order

MacaRong Zerg 

Build Orders: Pool First 

Get SALT Encoding   

  12  0:01  Drone  
  13  0:13  Overlord  
  13  0:20  Drone  
  14  0:33  Drone  
  15  0:40  Spawning Pool  
  14  0:44  Drone  
  14  0:48  Extractor  
  14  0:54  Drone  
  15  1:05  Drone  
  16  1:28  Zergling x6  
  19  1:33  Hatchery  
  19  1:39  Drone  
  19  1:44  Queen  
  21  1:53  Metabolic Boost  
  21  1:59  Drone  
  22  2:04  Overlord  
  22  2:23  Zergling x4  
  24  2:35  Zergling x2  
  23  2:47  Zergling x4  
  23  2:48  Queen  
  26  2:52  Roach Warren  
  25  2:58  Lair  
  25  3:03  Drone  
  26  3:09  Overlord  
  26  3:19  Drone x2  
  28  3:27  Extractor  
  27  3:43  Roach  
  27  3:44  Roach  
  27  3:45  Roach  
  27  3:46  Overlord  
  33  4:03  Drone x2  
  33  4:04  Drone  
  36  4:11  Spire  
  35  4:26  Drone x2  
  35  4:27  Drone x2  
  35  4:30  Extractor  
  38  4:42  Drone x3  
  41  4:45  Overlord  
  41  4:58  Drone x2  
  34  5:08  Drone x2  
  36  5:25  Mutalisk  
  36  5:26  Mutalisk x3  
  44  5:34  Drone x2  
  46  5:49  Drone x2  
  48  5:59  Mutalisk  
  48  6:00  Mutalisk  
  48  6:05  Drone x2  
  49  6:16  Overlord, Drone  
  50  6:25  Overlord, Drone  
  51  6:26  Overlord  
  51  6:38  Mutalisk x2  
  55  6:44  Drone x2  
  47  7:13  Mutalisk x5  
  55  7:17  Drone  
  55  7:18  Drone  
  57  7:30  Zerg Flyer Weapons Level 1  
  57  7:33  Zergling x2  
  57  7:34  Zergling x8  
  60  7:46  Drone x2  
  60  7:47  Drone  
  60  7:50  Glial Reconstitution  
  63  7:58  Drone  
  63  7:59  Drone x4  
  67  8:20  Extractor, Drone x2  
  68  8:30  Hatchery  
  68  8:31  Queen x2  
  71  8:38  Roach x2  
  71  8:40  Overlord x2  
  75  9:00  Mutalisk x2  
  75  9:01  Mutalisk x4  
  87  9:07  Drone x4  
  91  9:17  Overlord  
  91  9:26  Zerg Flyer Armor Level 1  
  81  9:48  Roach x2  
  81  9:49  Roach x6  
  88  9:53  Queen x3  
  88  9:59  Drone x2  
  87  10:09  Overlord  
  87  10:19  Drone x5  
  92  10:25  Overlord  
  92  10:49  Mutalisk  
  89  10:50  Mutalisk x3  
  67  11:05  Drone x3  
  67  11:31  Drone  
  68  11:36  Drone  
  39  11:56  Drone  
  39  11:57  Drone  
  41  12:09  Drone x2  
  43  12:15  Drone  
  43  12:20  Drone  
  45  12:34  Roach x2  
  47  12:39  Drone  
  48  12:48  Drone x2  
  48  12:50  Drone  
  51  12:57  Drone  
  53  12:58  Drone  
  54  13:12  Drone  
  54  13:13  Drone x4  
  58  13:25  Drone x3  
  58  13:26  Drone  
  60  13:37  Drone x2  
  60  13:38  Drone x2  
  64  13:47  Spire  
  63  13:48  Drone  
  63  13:49  Drone x2  
  66  14:04  Drone  
  66  14:05  Drone x3  
  70  14:15  Drone x3  
  71  14:27  Hatchery  
  71  14:29  Drone x2  
  71  14:30  Drone x2  
  70  14:38  Queen  
  70  14:39  Queen  
  74  14:47  Drone x2  
  74  14:48  Drone  
  77  14:58  Spine Crawler  
  76  15:02  Spine Crawler  
  76  15:05  Spine Crawler, Drone  
  76  15:06  Drone x2  
  77  15:16  Drone x3  
  80  15:23  Overlord x3  
  80  15:30  Drone x3  
  83  15:41  Spine Crawler  
  68  15:51  Overseer  
  63  16:02  Drone x3  
  63  16:03  Drone  
  60  16:14  Spore Crawler  
  60  16:18  Drone x5  
  50  16:40  Spire  
  50  16:42  Drone x2  
  50  16:43  Drone x5  
  54  16:57  Spore Crawler  
  53  17:08  Drone x5  
  57  17:15  Drone x2  
  60  17:26  Drone x6  
Show
View Real Time Build Order
Export as new Build Order

badzergling Zerg - Winner!

Build Orders: Hatch First, Zergling Baneling 

Get SALT Encoding   

  12  0:01  Drone  
  13  0:13  Overlord  
  13  0:17  Drone  
  14  0:31  Drone x2  
  14  0:34  Drone  
  17  0:54  Hatchery  
  17  0:56  Drone  
  17  1:00  Drone  
  18  1:07  Drone  
  19  1:14  Extractor  
  18  1:19  Spawning Pool  
  18  1:22  Drone  
  18  1:28  Drone  
  19  1:42  Overlord  
  19  2:08  Zergling x6  
  22  2:09  Queen x2  
  26  2:18  Zergling x2  
  26  2:19  Zergling x2  
  27  2:34  Zergling x4  
  27  2:35  Zergling x2  
  29  2:50  Metabolic Boost  
  29  3:04  Drone  
  29  3:05  Drone x3  
  33  3:06  Drone  
  34  3:33  Baneling Nest  
  30  3:41  Zergling x2  
  30  3:42  Zergling x10  
  30  3:44  Overlord  
  36  4:22  Baneling x3  
  36  4:23  Baneling  
  36  4:24  Drone x8  
  37  4:26  Overlord x3  
  37  4:31  Baneling x5  
  44  4:49  Roach Warren  
  42  5:04  Zergling x16  
  46  5:08  Extractor  
  45  5:17  Drone x2  
  47  5:22  Lair  
  47  5:41  Overlord x2  
  40  6:04  Spore Crawler x2  
  40  6:08  Spore Crawler x2  
  40  6:09  Queen, Spore Crawler  
  40  6:10  Spore Crawler  
  33  6:14  Roach  
  33  6:15  Roach x8  
  51  6:25  Drone x4  
  55  6:26  Drone  
  56  6:45  Extractor  
  55  6:58  Hatchery  
  50  7:08  Spore Crawler  
  50  7:12  Roach x6  
  50  7:13  Roach  
  61  7:17  Glial Reconstitution  
  61  7:23  Zergling x4  
  63  7:31  Queen  
  65  7:49  Spore Crawler  
  64  7:51  Queen  
  64  7:53  Drone x3  
  64  7:54  Drone  
  64  7:55  Drone  
  64  7:56  Drone  
  72  7:58  Drone  
  72  8:01  Drone  
  74  8:15  Overlord x3  
  74  8:21  Overlord  
  72  8:58  Infestation Pit  
  72  9:00  Extractor  
  70  9:05  Roach  
  70  9:06  Roach x11  
  70  9:09  Queen  
  96  9:22  Spore Crawler  
  59  10:16  Spore Crawler  
  59  10:19  Spore Crawler x2  
  59  10:20  Roach x9  
  59  10:21  Roach x7  
  74  11:13  Roach x5  
  74  11:14  Roach x4  
  80  11:22  Hydralisk Den  
  80  11:25  Queen  
  79  11:30  Drone x2  
  83  11:33  Hatchery  
  68  12:00  Spore Crawler  
  67  12:04  Muscular Augments  
  67  12:05  Hydralisk  
  67  12:06  Hydralisk x5  
  79  12:27  Evolution Chamber  
  79  12:29  Evolution Chamber  
  77  12:36  Burrow  
  77  12:38  Tunneling Claws  
  77  12:40  Hydralisk  
  79  13:15  Hatchery  
  78  13:33  Spore Crawler  
  77  13:38  Hydralisk x3  
  83  13:51  Overlord x3  
  83  14:11  Pathogen Glands  
  79  14:44  Infestor  
  79  14:45  Infestor x2  
  83  14:49  Hatchery  
  84  15:11  Roach x4  
  84  15:13  Roach x5  
  84  15:16  Roach  
  84  15:17  Infestor x4  
  92  15:46  Roach x8  
  92  15:53  Infestor  
  92  15:54  Infestor x3  
  98  16:04  Roach x4  
  98  16:13  Roach x3  
  98  16:17  Roach x7  
  94  16:39  Infestor  
  88  16:40  Infestor x2  
  88  16:42  Roach x7  
  86  17:06  Hydralisk  
  86  17:07  Hydralisk x5  
  98  17:21  Overseer  
  96  17:36  Hatchery  
Tags
 
Add a new tag
Caveats
  • Supply blocks, unpowered buildings, or Contaminate may cause inaccurate times.
  • Supply counts are checked every 10 seconds.